 Dungeon Crawl Stone Soup version 0.24-a0-203-gf0bc1e9 (webtiles) character file.

Game seed: 13090190724073990413

12045 Borgoz the Slicer (level 12, -5/73 HPs)
             Began as a Kobold Gladiator on Mar 26, 2019.
             Was a Believer of Ashenzari.
             Slain by an elephant (11 damage)
             ... on level 11 of the Dungeon.
             The game lasted 00:33:10 (12115 turns).

Borgoz the Slicer (Kobold Gladiator)               Turns: 12115, Time: 00:33:11

Health: -5/73      AC: 13    Str: 18    XL:     12   Next: 15%
Magic:  0/19       EV: 21    Int: 12    God:    Ashenzari [**....]
Gold:   849        SH:  0    Dex: 16    Spells: 17/21 levels left

rFire    + . .     SeeInvis +   H - +10 dagger "Sanecw" {speed, Str+2 SInv}
rCold    . . .     Gourm    .   (shield restricted)
rNeg     . . .     Faith    .   E - +2 leather armour of Giptups {MR+ Int+2}
rPois    .         Spirit   +   G - +2 helmet "Jeuwehuy" {rCorr}
rElec    .         Reflect  .   w - +0 cloak {+Inv}
rCorr    +         Harm     .   Z - +0 pair of gloves
MR       +....                  b - +1 pair of boots
Stlth    ++++......             p - amulet of guardian spirit
HPRegen  0.22/turn              s - +3 ring of slaying
MPRegen  0.16/turn              Q - ring of protection from fire

@: no status effects
A: small, carnivore
a: Curse Item, Scrying, Renounce Religion, Evoke Invisibility


You were on level 11 of the Dungeon.
You worshipped Ashenzari.
Ashenzari was pleased with you.
You were completely stuffed.

You visited 3 branches of the dungeon, and saw 13 of its levels.
You also visited: Ossuary.

You collected 849 gold pieces.

Inventory:

Hand Weapons
 d - a +3 dagger of venom
 l - a +0 rapier of flaming
 H - the +10 dagger "Sanecw" (weapon) {speed, Str+2 SInv}
   (You found it on level 6 of the Dungeon)

   Attacks with this weapon are significantly faster.
   It affects your strength (+2).
   It lets you see invisible.
Missiles
 C - 8 throwing nets (quivered)
Armour
 b - a +1 pair of boots (worn)
 w - a +0 cloak of invisibility (worn)
 E - the +2 leather armour of Giptups (worn) {MR+ Int+2}
   (You found it on level 5 of the Dungeon)

   It affects your intelligence (+2).
   It affects your resistance to hostile enchantments.
 G - the +2 helmet "Jeuwehuy" (worn) {rCorr}
   (You found it on level 7 of the Dungeon)

   It provides partial protection from all sources of acid and corrosion.
 Z - a +0 pair of gloves (worn)
Jewellery
 p - an amulet of guardian spirit (around neck)
 s - a +3 ring of slaying (left hand)
 D - a +3 ring of dexterity
 L - an uncursed ring of protection from cold
 Q - a ring of protection from fire (right hand)
 X - an uncursed ring of protection from cold
 Y - an uncursed ring of see invisible
Wands
 P - a wand of acid (4)
 V - a wand of digging (6)
Scrolls
 e - 5 scrolls of blinking
 j - 8 scrolls of remove curse
 m - 6 scrolls of teleportation
 B - 3 scrolls of amnesia
 F - 4 scrolls of enchant weapon
 K - 2 scrolls of fog
 M - 2 scrolls of fear
Potions
 h - a potion of might
 i - 4 potions of curing
 n - 4 potions of lignification
 o - 3 potions of resistance
 r - a potion of agility
 t - a potion of ambrosia
 I - a potion of brilliance
 N - 2 potions of magic
 O - 2 potions of invisibility
Comestibles
 f - 30 rations


   Skills:
 + Level 8.1 Fighting
 + Level 10.3 Short Blades
 - Level 5.0 Throwing
 + Level 5.9 Armour
 + Level 9.3 Dodging
 + Level 8.9 Stealth
 - Level 5.0 Spellcasting
 + Level 6.0 Hexes
 - Level 5.0 Evocations


You had 17 spell levels left.
You knew the following spells:

 Your Spells              Type           Power        Failure   Level  Hunger
a - Confusing Touch       Hex            ###...       1%          1    None
b - Confuse               Hex            ###.....     6%          3    ###....

Your spell library contained the following spells:

 Spells                   Type           Power        Failure   Level  Hunger
 Animate Skeleton         Necr           N/A          22%         1    None
 Apportation              Tloc           #.....       22%         1    None
 Summon Small Mammal      Summ           #...         22%         1    None
 Gell's Gravitas          Tloc           #.........   56%         3    ###....
 Metabolic Englaciation   Hex/Ice        ##........   88%         5    ######.
 Silence                  Hex/Air        ##........   88%         5    ######.
 Yara's Violent Unravell  Hex/Tmut       ##........   88%         5    ######.
 Petrify                  Tmut/Erth      #.......     92%         4    ####...
 Summon Lightning Spire   Summ/Air       #.......     92%         4    ####...
 Conjure Ball Lightning   Conj/Air       #.........   100%        6    #######
 Deflect Missiles         Chrm/Air       #.........   100%        6    #######
 Tornado                  Air            #.........   100%        9    #######


Dungeon Overview and Level Annotations

Branches:
Dungeon (11/15)            Temple (1/1) D:4            Lair (1/6) D:11
    Orc (0/2) D:11

Altars:
Ashenzari
Cheibriados
Dithmenos
Elyvilon
Fedhas
Gozag
Hepliaklqana
Kikubaaqudgha
Makhleb
Nemelex Xobeh
Okawaru
Qazlal
Ru
Sif Muna
Trog
Uskayaw
Vehumet
Wu Jian
Xom
Yredelemnul
Zin
The Shining One
Beogh

Shops:
D:7 (

Annotations:
D:4 3 runed translucent doors, Orphidia's ghost, legendary HaBe


Innate Abilities, Weirdness & Mutations

You are small and have problems with some larger weapons.
You are carnivorous and can eat meat at any time.


Message History

You stumble backwards!
You feel much better. The elephant tramples you!
* * * LOW HITPOINT WARNING * * *
You stumble backwards!
The elephant misses you. The elephant trunk-slaps you.
* * * LOW HITPOINT WARNING * * *
Casting: Confusing Touch (safe; 1% risk of failure)
Confirm with . or Enter, or press ? or * to list all spells.
You don't have enough magic to cast that spell.
You hit the elephant but do no damage. You hit the elephant but do no damage.
The elephant appears confused.
The elephant tramples you!
* * * LOW HITPOINT WARNING * * *
You stumble backwards!
You hit the elephant.
The elephant is lightly wounded.
You hit the elephant.
The elephant is lightly wounded.
The elephant tramples you!
You die...

(..>.# ##.....#...≈...#..###.
.....# ##..#.....#...#........
8....######..###...##P..##....###
#8......##....##.#.........#..# #
##...............#≈...>...≈#..# #
#...............#.........#.## #
##.................##...##...# #
##.......###.....Y..#...#....# #
####.....# ###..@.#...≈...#..# #
###...♣♣♣###....#######...# ##
##.♣♣♣≈♣###.............###.
♣♣♣≈P≈≈♣##.........#.......
♣♣♣≈≈≈)≈♣....##...#####.... #
##♣♣♣≈P≈≈≈≈≈≈♣.####...# ###..
###≈♣P≈≈≈≈≈≈≈P≈PP## #..## ###
..♣PPP≈≈≈≈≈≈≈P≈P≈≈# #..# #.
.♣≈P≈≈≈≈P≈≈≈≈≈≈≈≈≈###..# #.


You could see an elephant (confused).

Vanquished Creatures
  The ghost of George the Carver, a journeyman MiFi of Okawaru (D:10)
  Harold (D:7)
  Erica (D:9)
  A two-headed ogre (D:10)
  An elephant (Lair:1)
  2 spiny frogs (Lair:1)
  A hornet (D:11)
  3 blink frogs (Lair:1)
  A hippogriff (D:8)
  Prince Ribbit (D:7)
  A yak (D:11)
  A water elemental (D:11)
  3 hogs (D:11)
  A human (D:11)
  2 basilisks
  2 hungry ghosts
  Menkaure (D:7)
  A soldier ant (D:10)
  A warg (D:10)
  An acid dragon (D:11)
  Duvessa (D:4)
  2 porcupines (Lair:1)
  A water moccasin (Lair:1)
  8 orc warriors
  3 sky beasts
  A phantom (D:4)
  3 ice beasts
  2 necrophages
  6 ogres
  4 centaurs
  A big kobold (D:8)
  A bullfrog (D:7)
  Dowan (D:4)
  A wyvern skeleton (D:9)
  3 scorpions
  5 killer bees (D:9)
  A howler monkey (D:4)
  3 electric eels (D:11)
  2 crimson imps
  2 human zombies (Ossuary)
  5 centaur zombies
  A quasit (D:10)
  2 hounds
  3 bullfrog skeletons
  2 centaur skeletons
  2 jellies
  7 orc priests
  10 orc wizards
  4 iguanas
  8 worker ants
  A big kobold zombie (Ossuary)
  A hound zombie (Ossuary)
  2 hound skeletons
  3 mummies (Ossuary)
  A worker ant zombie (D:11)
  A howler monkey zombie (D:6)
  12 gnolls
  6 adders
  4 shadow imps
  2 adder zombies (Ossuary)
  2 adder skeletons
  4 dart slugs
  3 leopard geckos
  50 orcs
  4 bats
  7 giant cockroaches
  2 gnoll zombies (Ossuary)
  10 goblins
  7 hobgoblins
  11 jackals
  8 kobolds
  6 quokkas
  A ball python (D:2)
  5 frilled lizards
  6 goblin zombies (Ossuary)
  4 hobgoblin zombies (Ossuary)
  2 jackal zombies (Ossuary)
  3 kobold zombies (Ossuary)
  4 quokka zombies (Ossuary)
  6 rats
  3 rat zombies (Ossuary)
  13 plants (D:11)
316 creatures vanquished.

Notes
Turn   | Place    | Note
-------+----------+-------------------------------------------
     0 | D:1      | Borgoz the Kobold Gladiator began the quest for the Orb.
     0 | D:1      | Reached XP level 1. HP: 12/12 MP: 1/1
   115 | D:1      | Reached XP level 2. HP: 18/18 MP: 2/2
   152 | D:1      | Reached skill level 1 in Stealth
   369 | D:1      | Reached XP level 3. HP: 20/22 MP: 3/3
   670 | D:2      | Reached skill level 1 in Spellcasting
   972 | D:2      | Reached XP level 4. HP: 27/27 MP: 0/5
  1288 | D:3      | Reached skill level 1 in Armour
  1585 | D:3      | Reached XP level 5. HP: 32/32 MP: 7/7
  1827 | D:3      | Paralysed by a gnoll for 7 turns
  2112 | D:3      | Found a shimmering altar of Xom.
  2219 | D:4      | Noticed a phantom
  2259 | D:4      | Killed a phantom
  2259 | D:4      | Reached skill level 5 in Short Blades
  2259 | D:4      | Reached XP level 6. HP: 30/37 MP: 7/9
  2320 | D:4      | Found a staircase to the Ecumenical Temple.
  2331 | Temple   | Entered the Ecumenical Temple
  2426 | Temple   | Became a worshipper of Ashenzari the Shackled
  2460 | D:4      | Learned a level 1 spell: Confusing Touch
  2464 | D:4      | Learned a level 3 spell: Confuse
  2494 | D:4      | Noticed an ogre
  2512 | D:4      | Killed an ogre
  2512 | D:4      | Reached XP level 7. HP: 38/41 MP: 8/10
  2531 | D:4      | Found a runed translucent gate.
  2532 | D:4      | Found a runed translucent gate.
  2533 | D:4      | Found a runed translucent gate.
  2534 | D:4      | Noticed Orphidia's ghost (legendary HaBe)
  2543 | D:4      | Identified the +8 rapier of Epposuim {flame, Int+2 Stlth+}
  2543 | D:4      | Identified the +2 plate armour of Music {rElec rPois Str-3
                  | Dex-3}
  2543 | D:4      | Found a roughly hewn altar of Beogh.
  2614 | D:4      | Found an iron altar of Okawaru.
  2801 | D:4      | Noticed Duvessa
  2802 | D:4      | Reached skill level 5 in Dodging
  2811 | D:4      | Noticed Dowan
  2824 | D:4      | Killed Duvessa
  2830 | D:4      | Killed Dowan
  2830 | D:4      | Reached XP level 8. HP: 19/48 MP: 4/12
  3108 | D:4      | Reached skill level 6 in Short Blades
  3216 | D:4      | Identified the +12 dagger of Ecreixuo {freeze, rF- Int+5}
  3216 | D:4      | Identified the +8 chain mail "Xailoq" {MR+ Str+2}
  3275 | D:5      | Entered Level 5 of the Dungeon
  3422 | D:5      | Found a basalt altar of Yredelemnul.
  3551 | D:5      | Found a sand-covered staircase.
  3648 | D:5      | Got the uncursed leather armour of Giptups {MR+ Int+2}
  3659 | D:5      | Identified the +2 leather armour of Giptups {MR+ Int+2}
                  | (You found it on level 5 of the Dungeon)
  3717 | Ossuary  | Entered an ossuary
  4573 | D:5      | Reached skill level 1 in Hexes
  4591 | D:5      | Found a sacrificial altar of Ru.
  4682 | D:5      | Found a glowing golden altar of the Shining One.
  4705 | D:5      | Reached XP level 9. HP: 53/53 MP: 14/14
  4947 | D:6      | Got the dagger "Sanecw" {speed, Str+2 SInv}
  4948 | D:6      | Identified the +10 dagger "Sanecw" {speed, Str+2 SInv} (You
                  | found it on level 6 of the Dungeon)
  5000 | D:6      | Found the amulet of the Four Winds {rN+ MR+++ Clar}
  5031 | D:6      | Reached skill level 5 in Fighting
  5199 | D:6      | Reached skill level 5 in Throwing
  5256 | D:6      | Found a white marble altar of Elyvilon.
  5276 | D:6      | Reached skill level 7 in Short Blades
  5643 | D:7      | Found Mal Geci's Weapon Boutique.
  5749 | D:7      | Noticed Harold
  5763 | D:7      | Killed Harold
  5795 | D:7      | Got the uncursed helmet "Jeuwehuy" {rCorr}
  5806 | D:7      | Identified the +2 helmet "Jeuwehuy" {rCorr} (You found it
                  | on level 7 of the Dungeon)
  5960 | D:7      | Noticed Prince Ribbit
  5962 | D:7      | Killed Prince Ribbit
  5962 | D:7      | Reached skill level 5 in Stealth
  5962 | D:7      | Reached XP level 10. HP: 60/60 MP: 17/17
  6088 | D:7      | Noticed Menkaure
  6090 | D:7      | Killed Menkaure
  6090 | D:7      | Reached skill level 5 in Spellcasting
  6235 | D:7      | Found an opulent altar of Gozag.
  6236 | D:7      | Found a sparkling altar of Nemelex Xobeh.
  6282 | D:8      | Reached skill level 8 in Short Blades
  6297 | D:8      | Reached skill level 1 in Evocations
  6488 | D:8      | Reached * piety under Ashenzari
  6562 | D:8      | Found a hazy altar of Hepliaklqana.
  7245 | D:9      | Found a hide-covered altar of Uskayaw.
  7250 | D:9      | Noticed Erica
  7261 | D:9      | Killed Erica
  7669 | D:9      | Reached XP level 11. HP: 66/66 MP: 18/18
  7687 | D:9      | Reached skill level 9 in Short Blades
  7699 | D:9      | Found a basalt altar of Yredelemnul.
  7969 | D:10     | Entered Level 10 of the Dungeon
  8181 | D:10     | Reached skill level 5 in Armour
  8345 | D:10     | Reached ** piety under Ashenzari
  8384 | D:10     | Found a runed translucent gate.
  8386 | D:10     | Found a runed translucent gate.
  8387 | D:10     | Found a runed translucent gate.
  8387 | D:10     | Noticed George's ghost (journeyman MiFi)
  8393 | D:10     | Found a roughly hewn altar of Beogh.
  8529 | D:10     | Noticed a two-headed ogre
  8537 | D:10     | Killed a two-headed ogre
  9099 | D:11     | Reached skill level 5 in Hexes
  9158 | D:11     | Paralysed by a hornet for 1 turns
  9938 | D:11     | Found a staircase to the Lair.
 10055 | D:11     | Reached skill level 5 in Evocations
 10113 | D:11     | Found a staircase to the Orcish Mines.
 10198 | D:11     | Found a roughly hewn altar of Beogh.
 10852 | D:10     | Killed George's ghost
 11090 | D:10     | Reached skill level 10 in Short Blades
 11863 | Lair:1   | Entered Level 1 of the Lair of Beasts
 11902 | Lair:1   | Reached XP level 12. HP: 48/73 MP: 9/19
 12107 | D:11     | HP: 3/73 [elephant (10)]
 12115 | D:11     | Slain by an elephant

Levels and vault maps discovered:
D:1:      minmay_arrival_radiant_lines, layout_loops_ring
D:2:      layout_rooms, first_ration, minmay_pentomino_x4
D:3:      layout_rooms, tgw_xom, serial_bayou_pond_a
D:4:      layout_basic, okawaru_ov_weapons_minmay, minmay_temple_entry_glass,
          biasface_ghost_orc_armoury, minmay_close_crescents, uniq_duvessa
D:5:      layout_rooms, nicolae_ru_awakened_eye, kennysheep_mini,
          nicolae_ossuary_entry_monument, yredelemnul_altar_generic
D:6:      layout_cave_pods, elyvilon_altar_5
D:7:      layout_loops_cross, grunt_temple_overflow_opulence, serial_shops,
          shop, chequers_garden, uniq_harold, uniq_prince_ribbit1, uniq_menkaure
D:8:      wad_pebble_path, layout_basic, lemuel_round_altar
D:9:      layout_irregular_city, nicolae_overflow_hidden_temple,
          lemuel_doored_altar, serial_column_ruins, column_ruins_square_large,
          column_ruins_circle_small, column_ruins_open_large,
          column_ruins_columns_corner, column_ruins_open_tiny,
          column_ruins_grid_3, column_ruins_corridor_dead_end,
          column_ruins_columns_straight, column_ruins_open_tiny, uniq_erica
D:10:     layout_stronghold, biasface_ghost_orc_armoury
D:11:     layout_layer_cave, dpeg_oklobed_lair, minmay_orc_entry_temple_large,
          grunt_livestock, serial_bayou_lagoon_b
Temple:   nicolae_temple_hex_pool
Lair:1:   layout_big_grid
Ossuary:  minmay_ossuary_two_tombs

Skill      XL: |  1  2  3  4  5  6  7  8  9 10 11 12 |
---------------+-------------------------------------+-----
Stealth        | 1 2 5 6 8 |  8.9
Spellcasting   | 1 2 3 4 5 |  5.0
Armour         | 1 2 3 4 5 |  5.9
Dodging        | 4 5 6 7 9 |  9.3
Fighting       | 3 4 5 6 7 8 |  8.1
Short Blades   | 5 6 7 8 10 | 10.3
Throwing       | 3 4 5 |  5.0
Hexes          | 1 3 4 5 6 |  6.0
Evocations     | 3 5 |  5.0

Action                   |  1- 3 |  4- 6 |  7- 9 | 10-12 || total
-------------------------+-------+-------+-------+-------++-------
Melee: Rapier            |    98 |   129 |    72 |       ||   299
       Dagger            |       |       |   307 |   677 ||   984
Throw: Throwing net      |       |     2 |     3 |     1 ||     6
 Cast: Confusing Touch   |       |       |       |    21 ||    21
Evoke: Wand              |       |       |       |     4 ||     4
  Use: Potion            |       |     6 |     5 |     3 ||    14
       Scroll            |       |     7 |     5 |    12 ||    24
 Stab: Sleeping          |     3 |     5 |     7 |    17 ||    32
       Confused          |       |       |       |    17 ||    17
       Held in net/web   |       |       |       |     1 ||     1
  Eat: Chunk             |     8 |     6 |    11 |    22 ||    47
Armor: Leather armour    |    18 |    13 |    42 |    55 ||   128
       Skin              |       |       |     1 |       ||     1
Dodge: Dodged            |    96 |    88 |   194 |   229 ||   607

Table legend:
 A = Non-vault XP
 B = Vault XP
 C = Vault XP percentage of total XP
 D = Non-vault monster count
 E = Vault monster count
 F = Vault count percentage of total count
                 A         B        C        D         E       F
            +---------+---------+-------+---------+---------+-------
      Total |   10623 |    6585 |  38.3 |     218 |      85 |  28.1
            +---------+---------+-------+---------+---------+-------
        D:1 |      40 |       0 |   0.0 |      19 |       0 |   0.0
        D:2 |      42 |       2 |   4.5 |      24 |       1 |   4.0
        D:3 |      59 |      85 |  59.0 |      10 |       6 |  37.5
        D:4 |     509 |     355 |  41.1 |      19 |       4 |  17.4
        D:5 |     656 |       0 |   0.0 |      29 |       0 |   0.0
        D:6 |     379 |       0 |   0.0 |       8 |       0 |   0.0
        D:7 |     328 |    1445 |  81.5 |      13 |       3 |  18.8
        D:8 |    1424 |       0 |   0.0 |      29 |       0 |   0.0
        D:9 |    1484 |     939 |  38.8 |      26 |       1 |   3.7
       D:10 |    1856 |    1701 |  47.8 |      20 |      14 |  41.2
       D:11 |    1284 |    1740 |  57.5 |      12 |      21 |  63.6
     Lair:1 |    2562 |       0 |   0.0 |       9 |       0 |   0.0
    Ossuary |       0 |     318 | 100.0 |       0 |      35 | 100.0
            +---------+---------+-------+---------+---------+-------
